Map: Galactic Process LE

Players

PtitDrogo

  • Race: Protoss Protoss

Bunny - Winner!

  • Race: Terran Terran

Event: 2016 WCS Summer Circuit Championship (DH Montreal)

VOD

https://www.youtube.com/watch?v=VCw7-0lsp_g

Description

Time

  • Played on: Aug. 12, 2016, 9:40 p.m.
  • Length: 14:28

All games in this series

Show
View Real Time Build Order
Export as new Build Order

PtitDrogo Protoss 

Build Orders: 1 Gate Expand 

Get SALT Encoding   

  12  0:00  Probe (Chrono Boost)  
  13  0:11  Probe (Chrono Boost)  
  14  0:18  Pylon  
  14  0:22  Probe (Chrono Boost)  
  15  0:36  Probe (Chrono Boost), Gateway  
  16  0:46  Probe (Chrono Boost)  
  16  0:48  Assimilator  
  17  0:57  Probe (Chrono Boost)  
  18  1:08  Probe (Chrono Boost)  
  19  1:21  Nexus  
  19  1:24  Probe (Chrono Boost)  
  20  1:36  Cybernetics Core  
  20  1:38  Probe (Chrono Boost)  
  21  1:42  Assimilator  
  21  1:48  Probe (Chrono Boost)  
  22  1:55  Pylon  
  22  1:59  Probe (Chrono Boost)  
  23  2:14  Adept  
  23  2:15  Mothership Core (Chrono Boost)  
  27  2:21  Warp Gate  
  27  2:35  Probe (Chrono Boost)  
  27  2:36  Probe (Chrono Boost)  
  29  2:37  Adept  
  31  2:47  Probe x2 (Chrono Boost)  
  31  2:50  Pylon  
  33  2:57  Probe (Chrono Boost)  
  35  2:59  Probe (Chrono Boost)  
  35  3:03  Robotics Facility  
  34  3:08  Probe (Chrono Boost)  
  34  3:11  Probe (Chrono Boost), Stalker  
  36  3:18  Probe (Chrono Boost)  
  39  3:23  Probe (Chrono Boost)  
  39  3:26  Pylon  
  40  3:28  Twilight Council  
  40  3:32  Probe (Chrono Boost)  
  42  3:35  Probe (Chrono Boost)  
  42  3:38  Gateway  
  42  3:42  Gateway  
  42  3:47  Probe (Chrono Boost)  
  42  3:48  Probe (Chrono Boost)  
  44  3:50  Observer  
  45  3:57  Probe (Chrono Boost)  
  45  4:00  Probe (Chrono Boost)  
  45  4:13  Blink  
  45  4:14  Probe (Chrono Boost)  
  45  4:16  Probe (Chrono Boost)  
  47  4:19  Pylon  
  45  4:25  Probe (Chrono Boost)  
  45  4:28  Probe (Chrono Boost)  
  47  4:35  Probe (Chrono Boost), Nexus  
  47  4:36  Pylon  
  48  4:40  Assimilator  
  48  4:43  Probe (Chrono Boost), Stalker x2  
  48  4:45  Stalker  
  55  4:48  Observer  
  55  4:50  Probe (Chrono Boost)  
  57  4:56  Probe (Chrono Boost)  
  58  5:02  Pylon  
  58  5:03  Probe (Chrono Boost)  
  60  5:08  Probe (Chrono Boost)  
  58  5:15  Probe (Chrono Boost)  
  58  5:16  Stalker x3  
  64  5:27  Probe x2 (Chrono Boost)  
  64  5:29  Warp Prism  
  66  5:39  Probe x2 (Chrono Boost)  
  66  5:40  Pylon  
  66  5:42  Stalker  
  70  5:43  Stalker  
  70  5:49  Stalker  
  74  5:52  Probe (Chrono Boost)  
  74  5:56  Probe (Chrono Boost)  
  77  5:57  Probe (Chrono Boost)  
  77  6:01  Pylon  
  78  6:04  Probe (Chrono Boost)  
  78  6:06  Probe (Chrono Boost)  
  78  6:09  Probe (Chrono Boost)  
  80  6:18  Probe (Chrono Boost), Forge  
  81  6:19  Probe (Chrono Boost), Forge  
  81  6:22  Stalker x2  
  81  6:23  Stalker  
  89  6:26  Probe (Chrono Boost)  
  89  6:30  Probe (Chrono Boost)  
  89  6:31  Probe (Chrono Boost)  
  91  6:35  Pylon  
  91  6:36  Assimilator  
  91  6:37  Assimilator x2  
  91  6:38  Probe (Chrono Boost)  
  92  6:45  Protoss Ground Armor Level 1, Protoss Ground Weapons Level 1  
  84  6:56  Stalker x3  
  84  6:59  Probe x2 (Chrono Boost)  
  84  7:00  Robotics Bay  
  91  7:04  Pylon  
  91  7:07  Pylon  
  91  7:13  Probe (Chrono Boost)  
  91  7:14  Gateway x2  
  91  7:15  Gateway  
  92  7:18  Gateway  
  92  7:19  Immortal  
  94  7:46  Sentry x2  
  94  7:47  Sentry  
  94  7:49  Pylon  
  100  7:51  Colossus  
  100  7:55  Resonating Glaives  
  100  7:59  Pylon  
  100  8:01  Pylon  
  106  8:07  Extended Thermal Lance  
  106  8:15  Sentry  
  106  8:16  Adept  
  110  8:22  Nexus  
  110  8:23  Pylon  
  110  8:24  Photon Cannon  
  110  8:30  Adept x3  
  110  8:31  Adept  
  114  8:44  Protoss Ground Weapons Level 2  
  114  8:46  Pylon x2  
  114  8:54  Colossus  
  110  8:59  Stalker  
  110  9:00  Adept x3, Stalker x3  
  125  9:10  Protoss Ground Armor Level 2  
  125  9:15  Photon Cannon  
  117  9:21  Stalker x3  
  123  9:25  Adept x4  
  123  9:29  Gateway  
  131  9:35  Pylon  
  131  9:37  Photon Cannon  
  131  9:50  Pylon  
  131  9:54  Probe (Chrono Boost)  
  129  10:01  Pylon  
  129  10:05  Nexus  
  129  10:08  Adept x7  
  129  10:27  Probe (Chrono Boost)  
  116  10:29  Adept x4  
  116  10:30  Adept x3  
  116  10:31  Colossus  
  124  10:38  Probe (Chrono Boost)  
  110  10:55  Adept x2  
  110  10:56  Adept x3, Sentry x2  
  122  11:07  Protoss Ground Armor Level 3, Protoss Ground Weapons Level 3  
  118  11:17  Colossus  
  114  11:24  Stargate  
  120  11:27  Nexus  
  120  11:29  Pylon  
  120  11:32  Sentry, Stalker x3  
  124  11:33  Stalker x2  
  124  11:34  Adept  
  134  11:53  Adept  
  135  11:57  Adept x4  
  139  12:06  Disruptor  
  139  12:08  Adept x3  
  125  12:24  Nexus  
  125  12:29  Stalker x4  
  130  12:30  Stalker x2, Pylon  
  130  12:34  Stalker  
  136  12:37  Colossus  
  136  12:51  Fleet Beacon  
  136  12:56  Adept x3  
  104  13:21  Stalker x2  
  104  13:22  Stalker x4  
  101  13:33  Sentry x2  
  99  13:44  Stalker x3  
  99  13:45  Stalker  
  99  13:48  Adept  
  107  13:56  Adept  
  107  13:57  Adept x2  
  107  14:12  Adept x5  
Show
View Real Time Build Order
Export as new Build Order

Bunny Terran - Winner!

Build Orders: Liberator Opening, Reaper Expand, MMM Bio 

Get SALT Encoding   

  12  0:00  SCV  
  13  0:13  SCV  
  14  0:17  Supply Depot  
  14  0:25  SCV  
  15  0:38  SCV  
  15  0:39  Barracks  
  16  0:44  Refinery  
  16  0:50  SCV  
  17  1:02  SCV  
  19  1:26  Reaper, Orbital Command  
  19  1:40  Command Center  
  19  1:49  Refinery  
  19  1:51  SCV  
  20  1:58  Supply Depot  
  20  2:00  Barracks Reactor  
  20  2:03  SCV  
  21  2:15  SCV  
  21  2:18  Factory  
  22  2:28  SCV  
  23  2:35  Marine  
  23  2:36  Marine  
  25  2:40  SCV  
  26  2:53  Marine x2, SCV  
  29  3:04  Factory Tech Lab  
  29  3:05  Starport  
  29  3:07  SCV  
  29  3:11  Marine x2  
  32  3:16  Orbital Command  
  32  3:19  SCV  
  33  3:25  Liberator, Cyclone  
  36  3:31  SCV  
  36  3:32  Marine x2  
  39  3:43  SCV  
  39  3:46  SCV  
  44  3:51  Supply Depot  
  44  3:55  SCV  
  45  3:58  SCV  
  46  4:13  Siege Tank, SCV x2  
  51  4:25  Marine, SCV x2  
  51  4:28  Bunker  
  51  4:30  Supply Depot  
  54  4:31  Liberator  
  54  4:46  Command Center, Supply Depot  
  54  4:48  Marine  
  54  4:49  Marine, SCV x2  
  54  4:52  Siege Tank  
  64  5:01  Supply Depot, SCV x2  
  65  5:11  Barracks  
  65  5:13  SCV x2  
  67  5:16  Barracks  
  67  5:20  Refinery  
  67  5:25  SCV x2  
  66  5:31  Engineering Bay  
  66  5:32  Engineering Bay  
  66  5:37  SCV x2  
  66  5:38  Factory Reactor  
  66  5:39  Marine x2  
  66  5:42  Starport Reactor  
  70  5:47  Refinery  
  70  5:49  SCV x2  
  72  5:57  Terran Infantry Weapons Level 1  
  72  5:58  Terran Infantry Armor Level 1  
  72  5:59  Orbital Command  
  72  6:01  SCV x2  
  74  6:06  Barracks Tech Lab  
  74  6:08  Marine, Stimpack  
  74  6:09  Marauder  
  77  6:13  Barracks  
  77  6:15  Widow Mine x2  
  81  6:18  Orbital Command  
  81  6:21  Barracks  
  81  6:25  Marine, Marauder  
  84  6:26  Marine  
  84  6:27  SCV  
  84  6:28  SCV  
  87  6:38  Marauder  
  87  6:39  SCV  
  90  6:40  SCV  
  90  6:42  Supply Depot, Marine  
  90  6:44  Marine  
  90  6:46  Marauder  
  89  6:51  SCV  
  89  6:52  SCV  
  85  6:59  Marauder, SCV  
  85  7:00  Marine  
  88  7:01  Barracks Tech Lab  
  88  7:03  Combat Shields, SCV  
  88  7:04  SCV  
  88  7:08  Marauder  
  92  7:11  Supply Depot, SCV  
  92  7:13  Armory  
  92  7:14  Medivac  
  92  7:15  SCV  
  96  7:16  Medivac, SCV  
  96  7:23  Supply Depot, SCV  
  96  7:27  Marine, SCV  
  96  7:28  SCV, Marauder  
  102  7:33  Barracks Tech Lab  
  102  7:34  Barracks Reactor  
  102  7:35  SCV  
  102  7:36  Marine x2, Marauder  
  104  7:39  SCV  
  104  7:40  SCV  
  104  7:42  Widow Mine  
  105  7:45  Marine  
  105  7:47  SCV  
  105  7:49  Marauder  
  105  7:50  Concussive Shells  
  108  7:51  SCV  
  108  7:52  Medivac x2  
  108  7:53  Marine  
  108  7:55  Refinery  
  108  7:56  Refinery, Marauder  
  116  8:00  Supply Depot  
  116  8:02  SCV x2  
  116  8:05  Terran Infantry Weapons Level 2  
  118  8:07  Terran Infantry Armor Level 2  
  118  8:08  Marine  
  118  8:09  Marine  
  118  8:12  Marine x2, Marauder  
  124  8:17  Supply Depot  
  124  8:20  Marine  
  124  8:21  Marauder  
  124  8:24  Liberator  
  124  8:26  Marine  
  132  8:27  Marauder  
  132  8:30  Marine  
  133  8:38  Supply Depot x2, Marauder  
  133  8:39  Marine  
  134  8:43  Starport, Marauder  
  134  8:44  Marine x2  
  134  8:48  Marine  
  141  8:51  Liberator, Marauder  
  140  8:56  Marine  
  140  8:58  SCV  
  140  8:59  Marauder  
  140  9:02  Marine x2  
  145  9:04  Marauder  
  145  9:05  SCV  
  145  9:06  Marine  
  145  9:08  Liberator  
  150  9:13  Marauder  
  150  9:14  Marine, SCV  
  150  9:15  Liberator x2  
  153  9:20  Marine x2  
  153  9:21  Marauder  
  152  9:26  Marauder  
  157  9:32  Marine  
  157  9:37  Command Center  
  164  9:38  Liberator  
  164  9:47  Marine  
  165  9:52  Supply Depot  
  165  9:56  Supply Depot, Marauder  
  165  9:57  Marine  
  165  9:58  Marauder  
  166  10:00  Marine  
  166  10:01  Marauder  
  166  10:06  Marine  
  165  10:15  Marine  
  165  10:16  Medivac x2  
  165  10:17  Marauder  
  165  10:19  Marauder  
  162  10:22  Marauder  
  162  10:26  Marine  
  152  10:31  Marine  
  152  10:33  Medivac  
  152  10:38  Medivac, Marine  
  152  10:39  Marauder  
  152  10:40  Marauder  
  151  10:43  Marine  
  151  10:44  Marine, Marauder  
  151  10:46  Medivac  
  148  10:52  Terran Infantry Weapons Level 3  
  148  10:54  Medivac  
  144  10:58  Marine  
  144  10:59  Liberator  
  144  11:00  Marauder  
  144  11:02  Marauder  
  149  11:05  Marauder  
  149  11:06  Marine  
  144  11:13  Liberator, Marine  
  144  11:17  Planetary Fortress  
  144  11:18  Liberator  
  140  11:21  Marauder, SCV x2  
  140  11:23  Marauder, SCV  
  140  11:24  Marine  
  148  11:26  Marauder  
  148  11:30  Liberator  
  153  11:33  SCV  
  153  11:36  Missile Turret  
  153  11:38  Marine  
  158  11:40  SCV  
  158  11:43  SCV, Marauder  
  158  11:46  Liberator  
  162  11:58  Marine  
  162  11:59  Marine, Marauder x2  
  162  12:00  Liberator  
  162  12:01  SCV  
  160  12:06  Marine x2, Marauder  
  139  12:16  Marine  
  139  12:17  Marine  
  139  12:20  Marauder  
  139  12:21  Marauder  
  139  12:22  Barracks x2  
  148  12:24  Marine x2  
  148  12:25  Liberator  
  148  12:28  Marauder  
  152  12:33  Refinery  
  152  12:34  Command Center, Refinery  
  152  12:35  Marine x2  
  154  12:41  Marine, Marauder  
  154  12:42  Marauder  
  154  12:43  Marine  
  148  12:46  Viking  
  148  12:47  Viking  
  148  12:49  Marauder  
  154  12:53  Marine  
  154  12:56  Marine  
  154  12:59  Liberator  
  154  13:00  Viking  
  154  13:01  Marine x2  
  154  13:03  Marauder  
  154  13:04  Marauder  
  160  13:06  SCV  
  160  13:09  Marine  
  160  13:10  Marine, Marauder  
  148  13:14  Marine  
  148  13:19  Marine  
  148  13:23  Marine  
  148  13:24  Marauder  
  148  13:25  Marauder  
  148  13:26  Viking x2  
  153  13:30  Barracks Tech Lab  
  153  13:31  Barracks Reactor  
  153  13:32  Marauder  
  153  13:34  Viking  
  156  13:35  Marine x2  
  156  13:38  Marine  
  156  13:41  Marine  
  157  13:46  Marauder x2  
  159  13:51  Marauder  
  159  13:53  Marine x2, Marauder  
  160  13:56  Marine  
  160  13:58  Marine  
  165  14:07  Marauder  
Tags
 
Add a new tag
Caveats
  • Supply blocks, unpowered buildings, or Contaminate may cause inaccurate times.
  • Supply counts are checked every 10 seconds.